 Dungeon Crawl Stone Soup version 0.29-a0-2-g12fcac58f8 (webtiles) character file.

Game seed: 9663869902866302614

9463 Angani the Cleaver (level 11, -13/91 HPs)
             Began as a Red Draconian Gladiator on Jan 26, 2022.
             Was a High Priest of Vehumet.
             Mangled by Snorg (14 damage)
             ... on level 10 of the Dungeon.
             The game lasted 00:20:12 (8290 turns).

Angani the Cleaver (Red Draconian Gladiator)        Turns: 8290, Time: 00:20:13

Health: -13/91     AC: 13    Str: 19    XL:     11   Next: 23%
Magic:  18/21      EV: 14    Int: 13    God:    Vehumet [*****.]
Gold:   563        SH:  0    Dex: 13    Spells: 16/24 levels left

rFire   + . .      SeeInvis .   y - +4 broad axe (distort)
rCold   . . .      Faith    .   (no shield)
rNeg    . . .      Spirit   .   (armour unavailable)
rPois   .          Reflect  .   b - +0 hat
rElec   .          Harm     .   t - +2 cloak
rCorr   +          Rampage  .   k - +2 pair of gloves {Str+3}
Will    .....                   (no boots)
Stlth   +.........              v - amulet of regeneration
HPRegen 1.05/turn               A - ring of resist corrosion
MPRegen 0.17/turn               (no ring)

@: short of breath, freezing walls
A: breathe fire, AC +7, unfitting armour, fire resistance 1, cold-blooded
a: Breathe Fire, Renounce Religion


You were on level 10 of the Dungeon.
You worshipped Vehumet.
Vehumet was extremely pleased with you.
You visited 1 branch of the dungeon, and saw 10 of its levels.
You also visited: Ossuary.

You collected 602 gold pieces.
You spent 39 gold pieces at shops.

Inventory:

Hand Weapons
 j - the +4 dagger "Morg" {pain, Will+ Int+5}
   (You found it on level 8 of the Dungeon)

   In the hands of one skilled in necromantic magic, it inflicts extra damage on
   living creatures.
   Int:       It affects your intelligence (+5).
   Will:      It increases your willpower.
 y - a +4 broad axe of distortion (weapon)
Missiles
 c - 3 throwing nets
 w - a javelin (quivered)
Armour
 b - a +0 hat (worn)
 k - a +2 pair of gloves of strength (worn)
 t - a +2 cloak (worn)
Jewellery
 v - an amulet of regeneration (around neck)
 A - a ring of resist corrosion (left hand)
Wands
 n - a wand of acid (6)
 q - a wand of polymorph (12)
Scrolls
 e - 2 scrolls of enchant armour
 f - 2 scrolls of vulnerability
 g - a scroll of fear
 i - 2 scrolls of teleportation
 r - a scroll of amnesia
 s - a scroll of fog
 B - a scroll of magic mapping
Potions
 a - a potion of invisibility
 d - a potion of mutation
 h - 3 potions of heal wounds
 l - 5 potions of might
 m - 9 potions of curing
 o - 3 potions of lignification
 p - 2 potions of flight {unknown}
 u - 4 potions of attraction {unknown}
 x - 3 potions of haste {unknown}
 z - a potion of brilliance {unknown}


   Skills:
 + Level 6.4 Fighting
 + Level 8.6(9.3) Axes
 - Level 5.0(7.5) Polearms
 - Level 1.7 Throwing
 + Level 5.9 Dodging
 - Level 7.1 Spellcasting
 - Level 6.4 Conjurations
 - Level 5.5 Fire Magic
 - Level 4.3 Ice Magic


You had 16 spell levels left.
You knew the following spells:

 Your Spells              Type           Power      Damage    Failure   Level
a - Foxfire               Conj/Fire      80%        2x1d8     1%          1
b - Frozen Ramparts       Ice            30%        1d5       2%          3
c - Flame Wave            Conj/Fire      20%        2d7       3%          4

Your spell library contained the following spells:

 Spells                   Type           Power      Damage    Failure   Level
 Yara's Violent Unravell  Hex/Tmut       2%         3d3       67%         5
 Static Discharge         Conj/Air       12%        N/A       1%          2
 Lightning Bolt           Conj/Air       6%         1d18      28%         5
 Maxwell's Capacitive Co  Air            2%         ∞         100%        8


Dungeon Overview and Level Annotations

Branches:
Dungeon (10/15)            Temple (0/1) D:7            Lair (0/6) D:10
    Orc (0/2) D:9         Ossuary (visited)

Altars:
Elyvilon
Vehumet
Beogh

Shops:
D:3 !

Portals:
Bailey: D:10

Annotations:
D:10 Snorg


Innate Abilities, Weirdness & Mutations

You can breathe blasts of fire.
Your fiery red scales are hard. (AC +7)
You cannot fit into any form of body armour.
Your flesh is heat resistant. (rF+)
You are cold-blooded and may be slowed by cold attacks.


Message History

The two-headed ogre is heavily wounded.
The two-headed ogre hits you with a +0 giant club! x2
You hit the two-headed ogre but do no damage.
Space warps horribly around the two-headed ogre!
Your tail-slap misses the two-headed ogre.
The two-headed ogre is severely wounded.
The two-headed ogre hits you with a +0 giant club!!
The two-headed ogre hits you with a +0 giant club!
You are too injured to fight recklessly!
You slice the two-headed ogre!!
Space warps around the two-headed ogre.
You kill the two-headed ogre!
Vehumet accepts your kill.
Casting: Flame Wave (dangerous; 3% risk of failure)
Confirm with . or Enter, or press ? or * to list all spells.
Casting: Frozen Ramparts (mildly dangerous; 2% risk of failure)
Press: ? - help, Dir - look around, f - activate The walls around you are covered in ice.
The wall freezes Snorg.
Snorg goes berserk!
Unknown command.
Aiming: Breathe Fire (3% risk of failure)
Press: ? - help, Shift-Dir - straight line, f - Snorg
Aim: Snorg (berserk, 68% to hit)
You breathe a blast of fire.
The fiery breath hits Snorg!!
Snorg is lightly wounded.
You hear a shout!
Snorg is engulfed in blazing flames.
The wall freezes Snorg.
Snorg bites you!!
* * * LOW HITPOINT WARNING * * *
Snorg claws you.
* * * LOW HITPOINT WARNING * * *
Snorg claws you but does no damage.
Snorg is engulfed in blazing flames.
The wall freezes Snorg.
Snorg bites you.
* * * LOW HITPOINT WARNING * * *
Snorg completely misses you. Snorg misses you.
You feel much better.
Snorg is engulfed in blazing flames.
The wall freezes Snorg.
Snorg bites you!!
* * * LOW HITPOINT WARNING * * *
Snorg claws you!
* * * LOW HITPOINT WARNING * * *
Snorg claws you!
You die...

*,.≈##.##≈...#***,,,,,,,,*
*,,≈≈≈≈≈≈≈...#*,,,,,,,,,,*
*,,,,........#*,*,,,,,,,,*
*,#####......#,,*,,,,,,,,*
*,...........#,**,,,,,,,,*
******#..T...+,**,,,,,,,,*
#......#******,*****
####T### *,* #####.@.# *,*
#.....### *,* ##'#########
*,* #..........# *,*
#..........# **'*****
#........[.# ***,,,,,,*
#..........#***,+,,,,,,*
#..........#*,,,*,,,,,,*
#..........+,,***,,,,,,'


You could see Snorg (berserk).

Vanquished Creatures
  5 two-headed ogres
  Pikel (D:7)
  Maggie (D:6)
  A hornet (D:7)
  Prince Ribbit (D:8)
  Sigmund (D:2)
  A wyvern (D:8)
  Menkaure (D:7)
  An acid dragon (D:9)
  7 orc warriors
  2 sky beasts
  3 black bears
  2 ogres (D:5)
  An ice beast (D:5)
  3 hornet zombies
  4 centaurs
  A phantom (D:4)
  A kobold brigand (D:8)
  2 gnoll sergeants
  5 bullfrogs
  3 scorpions
  3 water moccasin zombies
  3 wights (D:9)
  2 howler monkeys
  5 bullfrog zombies (Ossuary)
  6 centaur zombies
  5 hounds
  4 orc priests
  Crazy Yiuf (D:4)
  2 centaur skeletons
  Natasha (thrice) (D:4)
  2 iguanas
  6 orc wizards
  5 killer bee zombies
  13 mummies (Ossuary)
  6 howler monkey zombies
  6 adders
  16 gnolls
  A white imp (D:5)
  2 adder skeletons (D:4)
  2 worms
  2 dart slugs (D:1)
  27 orcs
  6 endoplasms
  3 giant cockroaches
  8 goblins
  5 hobgoblins
  10 kobolds
  6 quokkas
  9 ball pythons
  6 bats
  5 frilled lizards
  An orc zombie (D:7)
  6 rats
  A rat zombie (D:7)
235 creatures vanquished.

Vanquished Creatures (others)
  7 withered plants (Ossuary)
7 creatures vanquished.

Grand Total: 242 creatures vanquished

Notes
Turn   | Place    | Note
-------+----------+-------------------------------------------
     0 | D:1      | Angani the Draconian Gladiator began the quest for the Orb.
     0 | D:1      | Reached XP level 1. HP: 17/17 MP: 1/1
   146 | D:1      | Found a faded altar of an unknown god.
   153 | D:1      | Prayed at the altar of an unknown god.
   153 | D:1      | Became a worshipper of Vehumet
   153 | D:1      | Reached * piety under Vehumet
   153 | D:1      | Offered knowledge of Magic Dart by Vehumet.
   182 | D:1      | Reached XP level 2. HP: 25/25 MP: 2/2
  1055 | D:2      | Reached XP level 3. HP: 31/31 MP: 3/3
  1378 | D:2      | Reached ** piety under Vehumet
  1415 | D:2      | Offered knowledge of Foxfire by Vehumet.
  1418 | D:2      | Learned a level 1 spell: Foxfire
  1436 | D:2      | Noticed Sigmund
  1457 | D:2      | Killed Sigmund
  1458 | D:2      | Reached skill level 5 in Polearms
  1458 | D:2      | Reached XP level 4. HP: 21/41 MP: 4/4
  1458 | D:2      | Reached XP level 5. HP: 24/47 MP: 5/5
  2073 | D:2      | Reached skill level 5 in Fighting
  2423 | D:3      | Reached XP level 6. HP: 49/56 MP: 6/6
  2735 | D:3      | Found Xueqej's Distillery.
  2763 | D:3      | Bought a potion of curing for 39 gold pieces
  2900 | D:3      | Reached skill level 1 in Spellcasting
  3473 | D:4      | Offered knowledge of Frozen Ramparts by Vehumet.
  3478 | D:4      | Learned a level 3 spell: Frozen Ramparts
  3707 | D:4      | Reached *** piety under Vehumet
  3826 | D:4      | Found a runed translucent door.
  3827 | D:4      | Noticed Crazy Yiuf
  3948 | D:4      | Noticed Natasha
  3964 | D:4      | Killed Natasha
  4049 | D:4      | Noticed Natasha
  4056 | D:4      | Killed Natasha
  4057 | D:4      | Your scales start taking on a fiery red colour.
  4057 | D:4      | Reached XP level 7. HP: 58/61 MP: 10/10
  4057 | D:4      | Gained mutation: Your flesh is heat resistant. (rF+) [Red
                  | Draconian growth]
  4068 | D:4      | Noticed Natasha
  4072 | D:4      | Killed Natasha
  4103 | D:4      | Killed Crazy Yiuf
  4204 | D:5      | Entered Level 5 of the Dungeon
  4481 | D:5      | Offered knowledge of Flame Wave by Vehumet.
  4502 | D:5      | Reached skill level 5 in Dodging
  4567 | D:5      | Reached skill level 1 in Ice Magic
  4567 | D:5      | Reached XP level 8. HP: 68/68 MP: 14/14
  4827 | D:5      | Reached skill level 5 in Spellcasting
  4899 | D:6      | Noticed Maggie
  4904 | D:6      | Killed Maggie
  4941 | D:6      | Learned a level 4 spell: Flame Wave
  4973 | D:6      | Reached skill level 1 in Fire Magic
  5004 | D:6      | Reached skill level 1 in Axes
  5016 | D:6      | Reached **** piety under Vehumet
  5414 | D:7      | Reached skill level 2 in Axes
  5414 | D:7      | Reached XP level 9. HP: 74/74 MP: 16/18
  5460 | D:7      | Offered knowledge of Irradiate by Vehumet.
  5614 | D:7      | Reached skill level 3 in Axes
  5636 | D:7      | Found a sand-covered staircase.
  5645 | Ossuary  | Entered an ossuary
  5827 | Ossuary  | Reached skill level 4 in Axes
  5837 | Ossuary  | Reached skill level 5 in Fire Magic
  5924 | Ossuary  | Reached ***** piety under Vehumet
  5924 | Ossuary  | Offered knowledge of Yara's Violent Unravelling by Vehumet.
  6095 | D:7      | Paralysed by a hornet for 1 turns
  6097 | D:7      | Reached skill level 1 in Conjurations
  6144 | D:7      | Reached skill level 5 in Axes
  6215 | D:7      | Noticed Menkaure
  6220 | D:7      | Killed Menkaure
  6221 | D:7      | Reached XP level 10. HP: 81/81 MP: 20/20
  6286 | D:7      | Noticed Pikel
  6297 | D:7      | Killed Pikel
  6456 | D:7      | Found a staircase to the Ecumenical Temple.
  6599 | D:8      | Found a white marble altar of Elyvilon.
  6653 | D:8      | Reached skill level 6 in Axes
  6761 | D:8      | Noticed Prince Ribbit
  6775 | D:8      | Killed Prince Ribbit
  6798 | D:8      | Found the +4 dagger "Morg" {pain, Will+ Int+5}
  7420 | D:9      | Noticed a two-headed ogre
  7435 | D:9      | Killed a two-headed ogre
  7436 | D:9      | Reached skill level 7 in Axes
  7436 | D:9      | Reached skill level 5 in Conjurations
  7696 | D:9      | Found a staircase to the Orcish Mines.
  7740 | D:9      | Reached skill level 8 in Axes
  8054 | D:10     | Entered Level 10 of the Dungeon
  8095 | D:10     | Noticed a two-headed ogre
  8104 | D:10     | Killed a two-headed ogre
  8105 | D:10     | Reached XP level 11. HP: 85/89 MP: 15/21
  8176 | D:10     | Noticed a two-headed ogre
  8183 | D:10     | Killed a two-headed ogre
  8229 | D:10     | Noticed a two-headed ogre
  8233 | D:10     | Killed a two-headed ogre
  8278 | D:10     | Noticed a two-headed ogre
  8278 | D:10     | Noticed Snorg
  8280 | D:10     | Found a flagged portal.
  8287 | D:10     | Killed a two-headed ogre
  8290 | D:10     | HP: 1/91 [Snorg (15)]
  8290 | D:10     | Mangled by Snorg

Illustrated notes

Levels and vault maps discovered:
D:1:      sevenhm_arrival_forest_fort_large_1, layout_basic,
          dilly_ecumenical_altar_fadedgnrine, minmay_door_square,
          minmay_misc_feat_cross, minivault_11, columned_hall_lemuel
D:2:      layout_loops_ring, uniq_sigmund
D:3:      layout_loops_ring, serial_shops, nicolae_shop_hallway_plus,
          grunt_decor_resistance
D:4:      layout_basic, uniq_natasha, uniq_crazy_yiuf_cottage
D:5:      layout_basic
D:6:      layout_rooms, uniq_maggie
D:7:      layout_rooms, minmay_temple_entry_proselytizer, enter_ossuary_3,
          uniq_pikel, uniq_menkaure
D:8:      layout_loops_corners, elyvilon_altar_4, uniq_prince_ribbit1
D:9:      layout_rooms, david_orc_5
D:10:     layout_roguey, lair_entry_dummy, enter_bailey_3, uniq_snorg, uniq_grum

Skill      XL: |  1  2  3  4  5  6  7  8  9 10 11 |
---------------+----------------------------------+-----
Fighting       | 3 4 5 6 |  6.4
Polearms       | 5 |  5.0
Dodging        | 3 5 |  5.9
Spellcasting   | 2 4 6 7 |  7.1
Ice Magic      | 1 3 4 |  4.3
Fire Magic     | 2 5 |  5.5
Axes           | 2 5 8 |  8.6
Conjurations   | 2 6 |  6.4
Throwing       | |  1.7

Action                   |  1- 3 |  4- 6 |  7- 9 | 10-12 || total
-------------------------+-------+-------+-------+-------++-------
Melee: Trident           |    84 |       |       |       ||    84
       Tailslap          |     4 |    15 |    70 |    19 ||   108
       Halberd           |    11 |   180 |   368 |       ||   559
       Broad axe         |       |       |    10 |   116 ||   126
       Punch             |       |       |     1 |       ||     1
Throw: Throwing net      |     3 |       |     1 |     1 ||     5
       Javelin           |       |       |     2 |     3 ||     5
 Cast: Frozen Ramparts   |       |       |     5 |     5 ||    10
       Flame Wave        |       |       |       |     7 ||     7
 Abil: Breathe Fire      |       |       |    23 |    10 ||    33
  Use: Scroll            |       |       |    16 |     5 ||    21
       Potion            |       |       |       |     1 ||     1
 Stab: Sleeping          |     4 |     3 |       |       ||     7
       Held in net/web   |     1 |       |       |       ||     1
       Distracted        |       |       |     2 |       ||     2
Armor: Skin              |    20 |    55 |   215 |    56 ||   346
Dodge: Dodged            |    50 |   108 |   320 |   112 ||   590

Table legend: (Time is in decaauts)
 A = Elapsed time spent in this place.
 B = Non-inter-level travel time spent in this place.
 C = Inter-level travel time spent in this place.
 D = Time resting spent in this place.
 E = Time spent auto-exploring this place.
 F = Levels seen in this place.
 G = Mean time per level.
                   A        B        C        D        E       F      G
               +--------+--------+--------+--------+--------+-----+--------+
         Total |   8492 |   8271 |    221 |   1124 |   4762 |  11 |  772.0 |
       Dungeon |   8016 |   7795 |    221 |   1070 |   4760 |  10 |  801.6 |
       Ossuary |    475 |    475 |      0 |     54 |      2 |   1 |  475.0 |
               +--------+--------+--------+--------+--------+-----+--------+

Top non-repeatable levels by time:
     D:2: 1198 daAuts
     D:3: 1120 daAuts
     D:1: 1099 daAuts
     D:8: 871 daAuts
     D:4: 849 daAuts
     D:7: 765 daAuts
     D:9: 718 daAuts
     D:5: 672 daAuts
     D:6: 481 daAuts
 Ossuary: 475 daAuts
    D:10: 238 daAuts
